 Dungeon Crawl Stone Soup version 0.27.0-1-g7a089689b8 (webtiles) character file.

Game seed: 9584190159616697835

1259 Malachi the Chopper (level 8, -1/60 HPs)
             Began as a Demonspawn Transmuter on Aug 17, 2021.
             Was a Believer of Uskayaw.
             Slain by Edmund (9 damage)
             ... on level 6 of the Dungeon.
             The game lasted 00:09:30 (5529 turns).

Malachi the Chopper (Demonspawn Transmuter)         Turns: 5529, Time: 00:09:32

Health: -1/60      AC:  8    Str: 11    XL:     8   Next: 27%
Magic:  11/11      EV: 12    Int: 16    God:    Uskayaw [**....]
Gold:   287        SH:  0    Dex: 14    Spells: 4/12 levels left

rFire    + + .     SeeInvis .   i - +5 war axe (elec)
rCold    . . .     Faith    .   (no shield)
rNeg     . . .     Spirit   .   o - +1 leather armour {rF+}
rPois    .         Reflect  .   (no helmet)
rElec    .         Harm     .   (no cloak)
rCorr    .         Rampage  .   d - +0 pair of gloves
Will     .....                  m - +0 pair of boots
Stlth    ++........             (no amulet)
HPRegen  0.20/turn              f - ring of wizardry
MPRegen  0.12/turn              q - ring of protection from fire

@: lethally poisoned (-1 -> -9)
A: hooves 1, molten scales 1, icemail 1, spiny 2, condensation shield
a: Renounce Religion, Stomp, Line Pass


You were on level 6 of the Dungeon.
You worshipped Uskayaw.
Uskayaw was noncommittal.
You visited 2 branches of the dungeon, and saw 7 of its levels.

You collected 287 gold pieces.

Inventory:

Hand Weapons
 c - a +1 short sword
 g - a +1 rapier of draining
 i - a +5 war axe of electrocution (weapon)
Armour
 a - a +1 robe
 d - a +0 pair of gloves (worn)
 m - a +0 pair of boots (worn)
 o - a +1 leather armour of fire resistance (worn)
Jewellery
 e - a ring of ice
 f - a ring of wizardry (left hand)
 q - a ring of protection from fire (right hand)
Wands
 k - a wand of iceblast (2)
Scrolls
 b - 4 scrolls of teleportation
 h - a scroll of identify
 p - a scroll of enchant armour
Potions
 j - a potion of brilliance
 l - a potion of haste
 n - a potion of might


   Skills:
 + Level 4.0 Fighting
 - Level 1.3 Short Blades
 + Level 4.6 Axes
 + Level 1.0 Armour
 + Level 3.3 Dodging
 + Level 3.1 Stealth
 + Level 1.1 Shields
 + Level 3.2 Unarmed Combat
 + Level 2.5 Spellcasting
 * Level 4.1 Transmutations


You had 4 spell levels left.
You knew the following spells:

 Your Spells              Type           Power      Damage    Failure   Level
a - Beastly Appendage     Tmut           30%        N/A       1%          1
b - Spider Form           Tmut/Pois      4%         N/A       13%         3
c - Ice Form              Ice/Tmut       8%         N/A       38%         4

Your spell library contained the following spells:

 Spells                   Type           Power      Damage    Failure   Level
 Wereblood                Tmut           15%        N/A       2%          2


Dungeon Overview and Level Annotations

Branches:
Dungeon (6/15)             Temple (1/1) D:5

Altars:
Ashenzari
Cheibriados
Dithmenos
Elyvilon
Gozag
Hepliaklqana
Kikubaaqudgha
Makhleb
Nemelex Xobeh
Okawaru
Ru
Sif Muna
Trog
Uskayaw
Wu Jian
Yredelemnul
The Shining One

Annotations:
D:6 Edmund


Innate Abilities, Weirdness & Mutations

You have large cloven feet.
You are partially covered in molten scales. (AC +2)
A meltable icy envelope protects you from harm. (AC +0)
You are mostly covered in sharp spines.
A meltable shield of frost defends you. (SH +0)


Message History

Edmund hits you with a +2 dire flail of venom.
You are more poisoned.
The hound is struck by your spines.
You kill the hound!
Edmund says, "Everyone always remembers my brother. 'Who's Edmund?' they ask!"
Edmund is struck by your spines.
Edmund hits you with a +2 dire flail of venom.
You are more poisoned.
You can now pass through a line of other dancers.
Your Fighting skill increases to level 4!
Your Armour skill increases to level 1!
You completely miss Edmund. You punch Edmund, but do no damage.
Edmund is heavily wounded.
You feel extremely sick.
An orc comes into view. It is wielding a +0 war axe.
Edmund zaps a wand.
The puff of flame hits you. You resist.
Unknown command.
You are too injured to fight recklessly!
Unknown command.
Unknown command.
You are too injured to fight recklessly!
You are too injured to fight recklessly!
You closely miss Edmund. You punch Edmund, but do no damage.
Edmund is heavily wounded.
* * * LOW HITPOINT WARNING * * *
You feel very sick. Edmund is struck by your spines. Edmund misses you.
You hit Edmund.
Edmund is heavily wounded.
* * * LOW HITPOINT WARNING * * *
You feel very sick. Edmund is struck by your spines. Edmund misses you.
You closely miss Edmund.
Edmund is severely wounded.
* * * LOW HITPOINT WARNING * * *
You feel very sick. Edmund is struck by your spines.
Edmund completely misses you. Edmund is struck by your spines.
Edmund hits you with a +2 dire flail of venom!
You die...

...# ...# #.$.#
.#+##+#+##...#.#
...........!.#.#
.!...........#.#
...o..@......#.#
.......@.....#.#
#............#.#
#............#.#
#............#<#
#####..........#
############


You could see Edmund and an orc.

Vanquished Creatures
  Eustachio (D:5)
  A water moccasin (D:5)
  An orc warrior (D:4)
  An ice beast (D:5)
  A sky beast (D:4)
  A necrophage (D:3)
  An ogre (D:5)
  A phantom (D:4)
  A jelly (D:4)
  A bullfrog skeleton (D:5)
  4 hounds
  A centaur skeleton (D:4)
  2 iguanas
  A hound skeleton (D:5)
  9 adders
  6 gnolls
  A worm (D:5)
  An adder skeleton (D:4)
  2 dart slugs
  5 orcs
  5 ball pythons
  5 endoplasms
  3 giant cockroaches
  6 goblins
  7 hobgoblins
  4 jackals (D:3)
  4 quokkas
  5 bats
  5 frilled lizards
  A jackal skeleton (D:2)
  9 kobolds
  4 rats
100 creatures vanquished.

Notes
Turn   | Place    | Note
-------+----------+-------------------------------------------
     0 | D:1      | Malachi the Demonspawn Transmuter began the quest for the
                  | Orb.
     0 | D:1      | Reached XP level 1. HP: 15/15 MP: 3/3
  1022 | D:1      | Gained mutation: A meltable shield of frost defends you.
                  | (SH +0) [demonic ancestry]
  1022 | D:1      | Reached XP level 2. HP: 19/21 MP: 3/5
  1487 | D:2      | Gained mutation: A meltable icy envelope protects you from
                  | harm. (AC +0) [demonic ancestry]
  1487 | D:2      | Reached XP level 3. HP: 19/28 MP: 4/6
  1602 | D:2      | Found a faded altar of an unknown god.
  1617 | D:2      | Found a faded altar of an unknown god.
  1860 | D:2      | Found an opulent altar of Gozag.
  2016 | D:2      | Reached skill level 1 in Short Blades
  2016 | D:2      | Gained mutation: You are partially covered in sharp spines.
                  | [demonic ancestry]
  2016 | D:2      | Reached XP level 4. HP: 18/34 MP: 5/7
  3080 | D:3      | Reached XP level 5. HP: 39/39 MP: 8/8
  3085 | D:3      | Reached skill level 1 in Stealth
  3090 | D:3      | Learned a level 3 spell: Spider Form
  3479 | D:3      | Noticed a necrophage
  3484 | D:3      | Killed a necrophage
  3485 | D:3      | Reached skill level 1 in Axes
  3704 | D:3      | Gained mutation: You have large cloven feet. [demonic
                  | ancestry]
  3704 | D:3      | Reached XP level 6. HP: 45/47 MP: 9/9
  3991 | D:4      | Noticed an orc warrior
  3998 | D:4      | Killed an orc warrior
  3999 | D:4      | Reached skill level 1 in Shields
  3999 | D:4      | Gained mutation: You are partially covered in molten
                  | scales. (AC +2) [demonic ancestry]
  3999 | D:4      | Reached XP level 7. HP: 35/52 MP: 10/10
  4327 | D:4      | Found a broken altar of Ashenzari.
  4442 | D:5      | Entered Level 5 of the Dungeon
  4450 | D:5      | Noticed Eustachio
  4464 | D:5      | Killed Eustachio
  4525 | D:5      | HP: 2/53 [poisoned by a water moccasin]
  5235 | D:5      | Found a shadowy altar of Dithmenos.
  5327 | D:5      | Found a staircase to the Ecumenical Temple.
  5331 | D:5      | Gained mutation: You are mostly covered in sharp spines.
                  | [demonic ancestry]
  5331 | D:5      | Reached XP level 8. HP: 60/60 MP: 11/11
  5349 | Temple   | Entered the Ecumenical Temple
  5359 | Temple   | Learned a level 4 spell: Ice Form
  5397 | Temple   | Became a worshipper of Uskayaw the Reveller
  5516 | D:6      | Noticed Edmund
  5524 | D:6      | Reached * piety under Uskayaw
  5525 | D:6      | Reached ** piety under Uskayaw
  5526 | D:6      | Reached skill level 1 in Armour
  5529 | D:6      | Slain by Edmund

Illustrated notes

Levels and vault maps discovered:
D:1:      roderic_dead_forest, layout_basic
D:2:      layout_loops_ring, hellmonk_ecumenical_altar_the_god_not_taken,
          basic_altar, minmay_octomino_c4
D:3:      layout_basic, minmay_puff
D:4:      layout_cave_pools, old_standard_altar, serial_column_ruins,
          column_ruins_hut_pillars, column_ruins_columns_straight,
          column_ruins_corridor_straight, column_ruins_grid_4,
          column_ruins_grid_1
D:5:      layout_loops_cross, mainiacjoe_overflow_six_doors_small,
          minmay_temple_entry_glass, uniq_eustachio
D:6:      layout_basic, grunt_temple_overflow_diamond, gup_sewer_entry_pipe,
          st_stairs_3, uniq_blork_the_orc, uniq_edmund
Temple:   nicolae_temple_no_exploring_needed

Skill      XL: |  1  2  3  4  5  6  7  8 |
---------------+-------------------------+-----
Unarmed Combat | 3 |  3.2
Fighting       | 2 3 4 |  4.0
Dodging        | 2 3 |  3.3
Short Blades   | 1 |  1.3
Transmutations | 2 3 4 |  4.1
Stealth        | 1 2 3 |  3.1
Axes           | 1 2 4 |  4.6
Shields        | 1 |  1.1
Armour         | 1 |  1.0
Spellcasting   | |  2.5

Action                   |  1- 3 |  4- 6 |  7- 9 || total
-------------------------+-------+-------+-------++-------
Melee: Short sword       |    74 |       |       ||    74
       Unarmed           |     7 |       |       ||     7
       Kick              |    16 |     2 |     5 ||    23
       Headbutt          |    15 |     2 |       ||    17
       Rapier            |     8 |    23 |       ||    31
       Punch             |     2 |       |     2 ||     4
       War axe           |       |    70 |    62 ||   132
 Cast: Beastly Appendage |    17 |     3 |     2 ||    22
  Use: Potion            |     1 |       |     3 ||     4
       Scroll            |     3 |     8 |     1 ||    12
 Stab: Sleeping          |     1 |     4 |     1 ||     6
       Distracted        |       |     1 |       ||     1
Armor: Robe              |    21 |    20 |    14 ||    55
       Leather armour    |       |       |    11 ||    11
Dodge: Dodged            |    46 |    53 |    34 ||   133
Block: Other             |    12 |    16 |     6 ||    34
